 Dungeon Crawl Stone Soup version 0.23-a0-8-gb809bb7 (webtiles) character file.

410 jjfam the Chopper (level 6, -4/56 HPs)
             Began as a Deep Dwarf Fighter on Aug 1, 2018.
             Slain by Menkaure (16 damage)
             ... on level 4 of the Dungeon.
             The game lasted 00:07:01 (2270 turns).

jjfam the Chopper (Deep Dwarf Fighter)              Turns: 2270, Time: 00:07:02

Health: -4/56      AC:  7    Str: 21    XL:     6   Next: 58%
Magic:  5/5        EV:  8    Int:  8    God:
Gold:   96         SH: 10    Dex: 13    Spells: 5/5 levels left

rFire    . . .     SeeInvis .   a - +0 war axe
rCold    . . .     Gourm    .   c - +0 shield
rNeg     . . .     Faith    .   b - +0 scale mail
rPois    .         Spirit   .   (no helmet)
rElec    .         Reflect  .   (no cloak)
rCorr    +         Harm     .   (no gloves)
MR       .....                  (no boots)
Stlth    ..........             s - amulet of the acrobat
HPRegen  0.00/turn              l - +6 ring of slaying
MPRegen  0.09/turn              r - ring of resist corrosion

@: non-regenerating
A: damage resistance, heal wounds, sense surroundings 1, no regeneration
a: Heal Wounds


You were on level 4 of the Dungeon.
You were not hungry.

You visited 1 branch of the dungeon, and saw 4 of its levels.

You collected 96 gold pieces.

Inventory:

Hand Weapons
 a - a +0 war axe (weapon)
Armour
 b - a +0 scale mail (worn)
 c - a +0 shield (worn)
Jewellery
 l - a +6 ring of slaying (left hand)
 r - a ring of resist corrosion (right hand)
 s - an amulet of the acrobat (around neck)
Scrolls
 e - a scroll of blinking
 h - 4 scrolls of remove curse
 i - a scroll of identify
 j - a scroll of immolation
 m - 2 scrolls of teleportation
 n - a scroll of amnesia
Potions
 d - 3 potions of might
 g - 2 potions of degeneration {unknown}
 k - 2 potions of lignification {unknown}
 p - a potion of curing {unknown}
Comestibles
 f - 2 rations
 q - 4 chunks of flesh


   Skills:
 + Level 3.6 Fighting
 + Level 5.3 Axes
 + Level 4.4 Armour
 + Level 1.0 Dodging
 + Level 0.6 Stealth
 + Level 4.7 Shields


You had 5 spell levels left.
You didn't know any spells.
Your spell library was empty.

Dungeon Overview and Level Annotations

Branches:
Dungeon (4/15)
 Temple: D:4-7

Altars:
Trog
Wu Jian

Annotations:
D:4 Menkaure


Innate Abilities, Weirdness & Mutations

You are resistant to damage.
You can heal yourself by infusing magical energy.
You passively map a small area around you.
You do not regenerate.


Message History

Menkaure hits you.
You slash Menkaure!
Menkaure is moderately damaged.
Menkaure murmurs a few words.
Menkaure hits you!
* * * LOW HITPOINT WARNING * * *
Menkaure barely misses you.
Some of the chunks of flesh in your inventory have rotted away.
Okay, then.
You hit Menkaure but do no damage.
Menkaure is moderately damaged.
Menkaure misses you.
You closely miss Menkaure.
Menkaure is moderately damaged.
Menkaure barely misses you. Menkaure hits you.
* * * LOW HITPOINT WARNING * * *
You barely miss Menkaure.
Menkaure is moderately damaged.
Menkaure hits you!!
You die...

* *#.*
#.# *
#.###
#.# *
##....
#.# , ,
....##
#.# ,
*#...
#.# #.
#.# *
####.
#M#
###....
#@#
#...##.
##.#
##.####.
#..#
#..# #..
#.##
#.####.#
#.# #.#
#..# #.#
######.#
#..#
##.#
#......#
#..#
####..##
#.######
#..#
#...)..#
##.#
#.##


You could see Menkaure.

Vanquished Creatures
  Blork the orc (D:4)
  A hound (D:3)
  2 orc priests
  An orc wizard (D:4)
  An iguana (D:4)
  A worker ant (D:4)
  7 adders
  3 gnolls (D:4)
  2 oozes
  A dart slug (D:1)
  7 orcs
  5 bats
  3 giant cockroaches
  9 goblins
  7 hobgoblins
  3 jackals (D:4)
  9 kobolds
  3 frilled lizards
  A leopard gecko skeleton (D:4)
  7 rats
74 creatures vanquished.

Notes
Turn   | Place    | Note
-------+----------+-------------------------------------------
     0 | D:1      | jjfam the Deep Dwarf Fighter began the quest for the Orb.
     0 | D:1      | Reached XP level 1. HP: 20/20 MP: 1/1
   189 | D:1      | Reached XP level 2. HP: 17/27 MP: 2/2
   897 | D:2      | Reached skill level 3 in Axes
   897 | D:2      | Reached XP level 3. HP: 15/34 MP: 3/3
  1147 | D:2      | Found a bloodstained altar of Trog.
  1338 | D:3      | Reached XP level 4. HP: 29/42 MP: 4/4
  1678 | D:3      | Reached skill level 4 in Axes
  1800 | D:3      | Reached XP level 5. HP: 34/49 MP: 5/5
  1833 | D:3      | Found an ornate altar of the Wu Jian Council.
  2041 | D:4      | Reached skill level 5 in Axes
  2050 | D:4      | Reached XP level 6. HP: 51/56 MP: 5/5
  2080 | D:4      | Noticed Blork the orc
  2099 | D:4      | Killed Blork the orc
  2099 | D:4      | Reached skill level 1 in Dodging
  2260 | D:4      | Noticed Menkaure
  2270 | D:4      | Slain by Menkaure

Vault maps used:
D:1:      dpeg_arrival_prison
D:2:      lemuel_coloured_pillars_altar, hangedman_abyss_or_decor_lesser_grid
D:3:      marbit_many_paths
D:4:      portal_sewer_entry_e, first_ration, uniq_blork_the_orc, uniq_natasha,
          uniq_ijyb, uniq_menkaure

Skill      XL: |  1  2  3  4  5  6 |
---------------+-------------------+-----
Fighting       | 3 |  3.6
Axes           | 3 4 5 |  5.3
Shields        | 4 |  4.7
Armour         | 4 |  4.4
Dodging        | 1 |  1.0
Stealth        | |  0.6

Action                   |  1- 3 |  4- 6 || total
-------------------------+-------+-------++-------
Melee: War axe           |    89 |    96 ||   185
 Abil: Heal Wounds       |     1 |     4 ||     5
  Use: Scroll            |       |     5 ||     5
  Eat: Chunk             |     1 |     4 ||     5
Armor: Scale mail        |    41 |    29 ||    70
Dodge: Dodged            |    20 |    32 ||    52
Block: Shield            |    56 |    64 ||   120

Table legend:
 A = Spawn XP
 B = Non-spawn XP
 C = Spawn XP percentage of total XP
 D = Spawn monster count
 E = Non-spawn monster count
 F = Spawn count percentage of total count
 G = Total turns spent on level
                    A         B        C        D         E        F      G
               +---------+---------+-------+---------+---------+-------+---------
         Total |       0 |     587 |   0.0 |       0 |      74 |   0.0 |  2270
               +---------+---------+-------+---------+---------+-------+---------
           D:1 |       0 |      32 |   0.0 |       0 |      15 |   0.0 |   789
           D:2 |       0 |      55 |   0.0 |       0 |      18 |   0.0 |   547
           D:3 |       0 |     177 |   0.0 |       0 |      24 |   0.0 |   714
           D:4 |       0 |     323 |   0.0 |       0 |      17 |   0.0 |   220
               +---------+---------+-------+---------+---------+-------+---------
